 Dungeon Crawl Stone Soup version 0.25.1-2-g60ff931df9 (webtiles) character file.

Game seed: 1138422227628545069

3467 DogServant the Grappler (level 10, -1/94 HPs)
             Began as a Naga Transmuter on Nov 10, 2020.
             Slain by a killer bee (6 damage)
             ... on level 8 of the Dungeon.
             The game lasted 00:15:07 (9563 turns).

DogServant the Grappler (Naga Transmuter)           Turns: 9563, Time: 00:15:08

Health: -1/94      AC:  4    Str: 21    XL:     10   Next: 6%
Magic:  2/13       EV: 10    Int: 13    God:
Gold:   458        SH:  0    Dex: 13    Spells: 2/13 levels left

rFire    + . .     SeeInvis +   y - staff of wizardry
rCold    . . .     Gourm    .   (no shield)
rNeg     . . .     Faith    .   b - +0 robe
rPois    +         Spirit   .   (no helmet)
rElec    .         Reflect  .   (no cloak)
rCorr    .         Harm     .   (no gloves)
MR       +....                  (no barding)
Stlth    +.........             (no amulet)
HPRegen  0.25/turn              A - ring of protection from fire
MPRegen  0.13/turn              t - +6 ring of strength

@: lethally poisoned (-1 -> -2), about to teleport, appendage, very slow
A: large, horns 2, see invisible, deformed body, poison resistance, slowness 2,
slow metabolism 1, spit poison 1, AC +3
a: Spit Poison, End Transformation


You were on level 8 of the Dungeon.
You were not hungry.
You had grown temporary horns.
You visited 2 branches of the dungeon, and saw 9 of its levels.

You collected 458 gold pieces.

Inventory:

Missiles
 a - 95 arrows
 B - 13 poisoned darts (quivered)
 G - 43 bolts
Armour
 b - a +0 robe (worn)
 D - a +0 ring mail
Magical Staves
 y - an uncursed staff of wizardry (weapon)
Jewellery
 c - an uncursed ring of wizardry
 t - a +6 ring of strength (right hand)
 A - a ring of protection from fire (left hand)
Wands
 i - a wand of digging (6)
 r - a wand of acid (8)
 z - a wand of polymorph (9)
 H - a wand of iceblast (7)
 J - a wand of paralysis (4)
Scrolls
 g - 3 scrolls of remove curse
 h - a scroll of teleportation
 n - 2 scrolls of fear {unknown}
 p - 2 scrolls of noise {unknown}
 q - a scroll of fog {unknown}
 v - 2 scrolls of enchant armour {unknown}
 x - 2 scrolls of amnesia {unknown}
 F - a scroll of identify
Potions
 e - a potion of resistance
 f - 3 potions of haste
 j - 3 potions of brilliance
 k - 2 potions of might
 l - 3 potions of lignification {unknown}
 m - a potion of cancellation {unknown}
 o - a potion of degeneration {unknown}
 u - 3 potions of curing {unknown}
 w - 2 potions of mutation {unknown}
 C - 2 potions of ambrosia {unknown}
 E - a potion of berserk rage {unknown}
Comestibles
 d - 6 rations
 I - 2 chunks of flesh


   Skills:
 + Level 7.1 Fighting
 - Level 2.0 Dodging
 - Level 0.4 Stealth
 + Level 9.5 Unarmed Combat
 - Level 2.0 Spellcasting
 + Level 8.1 Transmutations


You had 2 spell levels left.
You knew the following spells:

 Your Spells              Type           Power        Failure   Level  Hunger
a - Beastly Appendage     Tmut           ###...       1%          1    ##.....
b - Sticks to Snakes      Tmut           ###.....     1%          2    ###....
c - Spider Form           Tmut/Pois      ##........   6%          3    ####...
d - Blade Hands           Tmut           ###.......   11%         5    ######.

Your spell library contained the following spells:

 Spells                   Type           Power        Failure   Level  Hunger
 Foxfire                  Conj/Fire      #...         11%         1    ##.....
 Ice Form                 Ice/Tmut       ##......     19%         4    #####..
 Conjure Flame            Conj/Fire      #.......     28%         3    ####...
 Inner Flame              Hex/Fire       #.......     28%         3    ####...
 Sticky Flame             Conj/Fire      #.......     65%         4    #####..
 Fireball                 Conj/Fire      #.........   93%         5    ######.


Dungeon Overview and Level Annotations

Branches:
Dungeon (8/15)             Temple (1/1) D:7
   Lair: D:8-11

Altars:
Ashenzari
Dithmenos
Elyvilon
Fedhas
Gozag
Hepliaklqana
Kikubaaqudgha
Makhleb
Qazlal
Sif Muna
Trog
Uskayaw
Xom
Yredelemnul
The Shining One

Shops:
D:5 (   D:8 (


Innate Abilities, Weirdness & Mutations

You cannot wear boots.
Your serpentine skin is tough. (AC +3)
You have supernaturally acute eyesight. (SInv)
Armour fits poorly on your strangely shaped body.
Your system is resistant to poisons. (rPois)
You cover ground very slowly.
You have a slow metabolism.
You can spit poison.
You have a pair of horns on your head.


Message History

The killer bee buzzes angrily.
You hear an angry hiss.
You closely miss the killer bee. The killer bee stings you.
* * * LOW HITPOINT WARNING * * *
You are poisoned.
The killer bee poisons you! The killer bee stings you.
* * * LOW HITPOINT WARNING * * *
Unknown command.
Okay, then.
Okay, then.
As you read the scroll of teleportation, it crumbles to dust.
You feel strangely unstable.
You feel sick. The killer bee barely misses you. The killer bee stings you.
* * * LOW HITPOINT WARNING * * *
You hit the killer bee but do no damage.
The killer bee stings you.
* * * LOW HITPOINT WARNING * * *
The killer bee stings you.
* * * LOW HITPOINT WARNING * * *
The killer bee stings you.
You die...

.##..............# .
.########†##.##..# ..
#.....###.##.##..#####...
#..<..#...##.............
#....................?...
#.....#..................
#.....###.......)#####...
####### ##.###.#y#
#.##..#@# #.##.##.# ##
###.##.##.# .#
##.........#
.######....)#.##.....
........###.#.##.####
.######.# #.(.##!# .# #.#
#.####.# ## ##. .## #.#


You could see a killer bee.

Vanquished Creatures
  Harold (D:8)
  Maurice (D:8)
  Psyche (D:8)
  Eustachio (D:5)
  5 phantoms
  A sky beast (D:8)
  An ogre (D:7)
  A bullfrog (D:7)
  A water moccasin zombie (D:6)
  2 scorpions
  2 howler monkeys (D:8)
  3 crimson imps
  2 jellies (D:6)
  5 hounds
  5 orc priests
  2 iguanas
  2 centaur skeletons (D:4)
  Natasha (thrice) (D:4)
  3 orc wizards
  4 worker ants
  A killer bee zombie (D:8)
  A hound skeleton (D:6)
  2 adders (D:2)
  A howler monkey skeleton (D:6)
  2 shadow imps
  An adder zombie (D:6)
  A worm (D:4)
  3 dart slugs
  A leopard gecko (D:4)
  20 orcs
  11 bats
  6 giant cockroaches
  3 hobgoblins
  3 jackals (D:7)
  5 kobolds
  4 quokkas
  5 frilled lizards
  4 goblins
  9 rats
129 creatures vanquished.

Vanquished Creatures (collateral kills)
  An ogre (D:5)
  A worm (D:5)
2 creatures vanquished.

Grand Total: 131 creatures vanquished

Notes
Turn   | Place    | Note
-------+----------+-------------------------------------------
     0 | D:1      | DogServant the Naga Transmuter began the quest for the Orb.
     0 | D:1      | Reached XP level 1. HP: 18/18 MP: 3/3
   319 | D:1      | Reached XP level 2. HP: 24/25 MP: 5/5
   407 | D:1      | Learned a level 2 spell: Sticks to Snakes
  1114 | D:2      | Reached XP level 3. HP: 29/31 MP: 6/6
  1444 | D:2      | Reached skill level 4 in Unarmed Combat
  1852 | D:2      | Found a faded altar of an unknown god.
  2152 | D:3      | Reached XP level 4. HP: 34/38 MP: 4/7
  2743 | D:4      | You fall into a shaft and drop 2 floors!
  2782 | D:6      | Learned a level 3 spell: Spider Form
  2879 | D:5      | Entered Level 5 of the Dungeon
  3050 | D:5      | Found an opulent altar of Gozag.
  3096 | D:5      | Reached XP level 5. HP: 36/44 MP: 4/8
  3232 | D:5      | Noticed an ogre
  3257 | D:5      | Killed an ogre
  3257 | D:5      | Reached XP level 6. HP: 37/52 MP: 0/9
  3402 | D:5      | Found Quleog's Antique Weapon Boutique.
  3476 | D:5      | Got a polished leather armour
  3487 | D:5      | Identified the cursed +0 leather armour of Quantum Leap
                  | {Harm rPois Regen+} (You found it on level 5 of the
                  | Dungeon)
  3519 | D:5      | Got a steaming zirconium amulet
  3520 | D:5      | Identified the amulet "Inwazaec" {Inacc rN++ MR- Str-5
                  | Dex+9} (You found it on level 5 of the Dungeon)
  3748 | D:4      | Reached skill level 5 in Unarmed Combat
  4438 | D:4      | Noticed a phantom
  4459 | D:4      | Killed a phantom
  4459 | D:4      | Reached XP level 7. HP: 26/61 MP: 7/10
  4810 | D:4      | Noticed Natasha
  4816 | D:4      | Killed Natasha
  5770 | D:4      | Noticed Natasha
  5776 | D:4      | Killed Natasha
  5851 | D:4      | Noticed Natasha
  5862 | D:4      | Killed Natasha
  5862 | D:4      | Reached skill level 6 in Unarmed Combat
  6913 | D:5      | Noticed Eustachio
  6933 | D:5      | Killed Eustachio
  6933 | D:5      | Reached skill level 5 in Transmutations
  7021 | D:6      | Reached XP level 8. HP: 64/69 MP: 9/11
  7073 | D:6      | Reached skill level 7 in Unarmed Combat
  7507 | D:6      | Found a white marble altar of Elyvilon.
  7855 | D:6      | Found an ancient bone altar of Kikubaaqudgha.
  7940 | D:6      | Learned a level 5 spell: Blade Hands
  8526 | D:7      | Reached skill level 8 in Unarmed Combat
  8742 | D:7      | Found a staircase to the Ecumenical Temple.
  8787 | Temple   | Entered the Ecumenical Temple
  8973 | D:7      | Found a blossoming altar of Fedhas.
  8974 | D:7      | Reached skill level 5 in Fighting
  8975 | D:7      | Reached XP level 9. HP: 73/81 MP: 6/12
  9186 | D:7      | Found a shimmering blue altar of Sif Muna.
  9304 | D:8      | Found Qeary's Weapon Boutique.
  9483 | D:8      | Noticed Maurice
  9483 | D:8      | Noticed Psyche
  9491 | D:8      | Killed Psyche
  9503 | D:8      | Killed Maurice
  9503 | D:8      | Reached skill level 9 in Unarmed Combat
  9527 | D:8      | Noticed Harold
  9546 | D:8      | Killed Harold
  9546 | D:8      | Reached XP level 10. HP: 14/94 MP: 0/13
  9563 | D:8      | Slain by a killer bee

Illustrated notes

Levels and vault maps discovered:
D:1:      ebering_trefoil_twist, layout_loops_ring
D:2:      layout_basic, chequers_ecumenical_altar_simple
D:3:      cheibrodos_pilgrimage, layout_loops_ring, first_ration
D:4:      layout_basic, uniq_natasha
D:5:      layout_rooms, serial_shops, nicolae_shop_stone,
          nicolae_gozag_seed_capital, uniq_eustachio
D:6:      layout_rooms, kennysheep_mini, hangedman_glass_teeth, elyvilon_altar_4
D:7:      layout_basic, led_sif_pool, lemuel_doored_altar,
          minmay_temple_entry_trees, minmay_tree_intersection
D:8:      layout_loops_cross, nicolae_ru_great_annihilating_truth,
          grunt_temple_overflow_open, serial_shops, shop, nicolae_shop_trees,
          david_nohive_1, uniq_psyche, uniq_maurice, uniq_pikel, uniq_harold
Temple:   hc_temple_tempest_star

Skill      XL: |  1  2  3  4  5  6  7  8  9 |
---------------+----------------------------+-----
Dodging        | 2 |  2.0
Unarmed Combat | 4 5 6 8 9 |  9.5
Transmutations | 3 4 5 6 8 |  8.1
Fighting       | 2 3 5 7 |  7.1
Stealth        | |  0.4
Spellcasting   | |  2.0

Action                   |  1- 3 |  4- 6 |  7- 9 | 10-12 || total
-------------------------+-------+-------+-------+-------++-------
Melee: Unarmed           |   103 |    84 |   204 |     1 ||   392
       Headbutt          |     1 |     6 |     5 |       ||    12
       Punch             |     1 |       |     3 |       ||     4
       Staff             |       |       |    32 |     2 ||    34
 Cast: Beastly Appendage |    12 |     9 |     7 |     1 ||    29
       Spider Form       |       |     6 |    19 |       ||    25
       Sticks to Snakes  |       |     3 |     1 |       ||     4
       Blade Hands       |       |       |     9 |       ||     9
 Abil: Spit Poison       |     1 |     3 |     2 |       ||     6
Evoke: Wand              |       |       |     1 |       ||     1
  Use: Scroll            |       |     7 |     2 |     1 ||    10
       Potion            |       |     1 |     3 |       ||     4
 Stab: Sleeping          |     1 |     1 |       |       ||     2
  Eat: Chunk             |     2 |     5 |    12 |     1 ||    20
       Ration            |       |     1 |     2 |       ||     3
Armor: Robe              |    28 |     8 |    24 |       ||    60
       Skin              |       |     5 |     3 |       ||     8
       Ring mail         |       |       |     6 |       ||     6
Dodge: Dodged            |    93 |    38 |   124 |     2 ||   257
